 Dungeon Crawl Stone Soup version 0.32-a0-427-g448f42529f (webtiles) character file.

Game seed: 3164188097357681006

1976 sngkn the Covered (level 9, -3/79 HPs)
             Began as a Minotaur Fighter on Feb 22, 2024.
             Was a Follower of Okawaru.
             Slain by Duvessa
             ... wielding a +0 rapier
              (6 damage)
             ... on level 7 of the Dungeon.
             The game lasted 00:09:52 (5836 turns).

sngkn the Covered (Minotaur Fighter)                Turns: 5836, Time: 00:09:53

Health: -3/79      AC: 11    Str: 24    XL:     9   Next: 0%
Magic:  8/8        EV: 10    Int:  9    God:    Okawaru [*.....]
Gold:   270        SH:  9    Dex:  9    Spells: 8/8 levels left

rFire   . . .        a - +1 war axe
rCold   . . .        p - +0 kite shield
rNeg    . . .        b - +0 scale mail
rPois   +            (helmet unavailable)
rElec   .            r - +2 cloak
rCorr   .            (no gloves)
SInv    .            (no boots)
Will    .....        (no amulet) Stlth
                     (no ring)
HPRegen 0.33/turn    (no ring)
MPRegen 0.11/turn

%: no passive effects
@: no status effects
A: horns 3, retaliatory headbutt, clever 1, poison resistance
a: Renounce Religion, Heroism


You were on level 7 of the Dungeon.
You worshipped Okawaru.
Okawaru was aware of your devotion.
You visited 2 branches of the dungeon, and saw 8 of its levels.
You also visited: Sewer.

You collected 351 gold pieces.
You spent 81 gold pieces at shops.

Inventory:

Hand Weapons
 a - a +1 war axe (weapon)
Missiles
 k - a throwing net (quivered)
Armour
 b - a +0 scale mail (worn)
 p - a +0 kite shield (worn)
 r - a +2 cloak (worn)
Jewellery
 s - a ring of protection from fire
Wands
 f - a wand of roots (10)
 t - a wand of charming (10)
Scrolls
 h - a scroll of revelation
 l - 4 scrolls of teleportation
 n - 4 scrolls of identify
Potions
 c - a potion of cancellation
 d - 5 potions of might
 e - a potion of lignification
 i - a potion of curing
 j - a potion of attraction
 m - 3 potions of ambrosia
 o - a potion of enlightenment
 q - a potion of magic


   Skills:
 + Level 7.2 Fighting
 + Level 6.7 Axes
 + Level 7.2 Armour
 + Level 5.6 Dodging
 + Level 7.2 Shields


You had 8 spell levels left.
You didn't know any spells.
Your spell library contained the following spells:

 Spells                   Type           Power      Damage    Failure   Level
 Apportation              Tloc           0%         N/A       86%         1
 Jinxbite                 Hex            0%         N/A       95%         2
 Sigil of Binding         Hex            0%         N/A       99%         3
 Stone Arrow              Conj/Erth      0%         3d7       99%         3
 Volatile Blastmotes      Fire/Tloc      0%         2d10      99%         3
 Dimensional Bullseye     Hex/Tloc       0%         N/A       100%        4
 Fulminant Prism          Conj/Alch      0%         3d5       100%        4
 Iskenderun's Mystic Bla  Conj/Tloc      0%         2d3       100%        4
 Olgreb's Toxic Radiance  Alch           0%         N/A       100%        4
 Alistair's Intoxication  Alch           0%         N/A       100%        5
 Ozocubu's Refrigeration  Ice            0%         4d7       100%        7
 Discord                  Hex            0%         N/A       100%        8
 Lehudib's Crystal Spear  Conj/Erth      0%         10d2      100%        8
 Call Canine Familiar     Summ           Unusable   N/A       N/A         3
 Summon Ice Beast         Ice/Summ       Unusable   N/A       N/A         3
 Animate Armour           Summ/Erth      Unusable   N/A       N/A         4
 Summon Mana Viper        Hex/Summ       Unusable   N/A       N/A         5
 Monstrous Menagerie      Summ           Unusable   N/A       N/A         7

Dungeon Overview and Level Annotations

Branches:
Dungeon (7/15)             Temple (1/1) D:6           Sewer (visited)

Altars:
Ashenzari
Cheibriados
Dithmenos
Elyvilon
Fedhas
Gozag
Hepliaklqana
Kikubaaqudgha
Nemelex Xobeh
Okawaru
Qazlal
Ru
Sif Muna
Trog
Vehumet
Wu Jian
Xom
Yredelemnul
Zin
The Shining One

Shops:
D:1 *

Annotations:
D:7 Duvessa


Innate Abilities, Weirdness & Mutations

You have a pair of large horns on your head.
You reflexively headbutt those who attack you in melee.
Your mind is acute. (Int +4, Str/Dex -1)
Your system is resistant to poisons. (rPois)


Message History

Dowan hits you but does no damage. Duvessa hits you but does no damage.
You block Dowan's attack.
Unknown command.
You slash Dowan! You headbutt Dowan!
You kill Dowan!
Okawaru accepts your kill.
Duvessa screams in rage.
Duvessa goes berserk!
You hit Duvessa but do no damage. Duvessa hits you with a +0 rapier!
Duvessa hits you with a +0 rapier.
You have reached level 9!
Your experience leads to an increase in your attributes!
Your base attributes are Str 23, Int 5, Dex 10.
Increase (S)trength, (I)ntelligence, or (D)exterity?
You feel stronger. x2
You slash Duvessa! You headbutt Duvessa!
Duvessa is heavily wounded.
Duvessa hits you with a +0 rapier!
* * * LOW HITPOINT WARNING * * *
You hit Duvessa but do no damage.
Duvessa is heavily wounded.
You block Duvessa's attack. x2
You barely miss Duvessa.
Duvessa is heavily wounded.
Duvessa hits you with a +0 rapier!
* * * LOW HITPOINT WARNING * * *
You block Duvessa's attack.
Unknown command.
You slash Duvessa!
Duvessa is severely wounded.
You block Duvessa's attack. Duvessa misses you.
Unknown command.
You feel better. Duvessa hits you with a +0 rapier!
* * * LOW HITPOINT WARNING * * *
You block Duvessa's attack.
Unknown command.
Unknown command.
You slash Duvessa!
Duvessa is severely wounded.
Duvessa hits you with a +0 rapier.
You die...

..........#
..........#
......))).#
......)†..#
......)...#
.#.#####..#
#.#####..#
.........#
#.#.###@.#
.#.#.###)e#
..........#
..##...÷..#######
#.............
##...#<.......
#...#..###.#.
........# .
###...#..#


You could see Duvessa (berserk).

Vanquished Creatures
  Prince Ribbit (D:7)
  A wyvern (D:7)
  A steam dragon (D:6)
  An orc warrior (D:7)
  An ice beast (D:5)
  A sky beast (D:7)
  2 ogres
  2 scorpions (D:6)
  3 kobold brigands (Sewer)
  Dowan (D:7)
  2 howler monkeys (D:7)
  A jelly (D:6)
  3 orc priests
  2 iguanas
  A scorpion zombie (D:5)
  2 orc wizards (D:6)
  A hound zombie (D:5)
  Robin (D:2)
  7 adders
  A white imp (D:6)
  2 ufetubi (D:6)
  3 dart slugs
  2 ribbon worms
  22 orcs
  11 ball pythons
  5 endoplasms
  3 giant cockroaches
  17 goblins
  12 hobgoblins
  4 jackals
  3 quokkas
  7 bats
  4 frilled lizards
  11 kobolds
  11 rats
152 creatures vanquished.

Vanquished Creatures (others)
  An orc (D:6)
1 creature vanquished.

Grand Total: 153 creatures vanquished

Notes
Turn   | Place    | Note
-------+----------+-------------------------------------------
     0 | D:1      | sngkn the Minotaur Fighter began the quest for the Orb.
     0 | D:1      | Reached XP level 1. HP: 19/19 MP: 0/0
   130 | D:1      | Reached XP level 2. HP: 27/27 MP: 1/1
   434 | D:1      | Reached skill level 1 in Dodging
   540 | D:1      | Reached XP level 3. HP: 33/33 MP: 2/2
   643 | D:1      | Found Capataj's Assorted Antiques.
  1141 | D:1      | Bought a scroll labelled AZYROH GORAGHIPAA for 21 gold
                  | pieces
  1141 | D:1      | Bought a scroll labelled XUOHOY WAYDUANN for 21 gold pieces
  1141 | D:1      | Bought a fuming pink potion for 18 gold pieces
  1141 | D:1      | Bought a scroll labelled AZYROH GORAGHIPAA for 21 gold
                  | pieces
  1208 | D:2      | Noticed Robin
  1213 | D:2      | Reached XP level 4. HP: 35/40 MP: 3/3
  1219 | D:2      | Killed Robin
  1946 | D:3      | Reached XP level 5. HP: 42/47 MP: 4/4
  2514 | D:3      | Reached XP level 6. HP: 55/55 MP: 5/5
  2662 | D:4      | Found a stormy altar of Qazlal.
  2926 | D:4      | Gained mutation: You have a pair of large horns on your
                  | head. [potion of mutation]
  2926 | D:4      | Gained mutation: Your system is resistant to poisons.
                  | (rPois) [potion of mutation]
  2926 | D:4      | Gained mutation: Your mind is acute. (Int +4, Str/Dex -1)
                  | [potion of mutation]
  3042 | D:4      | Found a sacrificial altar of Ru.
  3188 | D:4      | Found a shimmering altar of Xom.
  3216 | D:5      | Entered Level 5 of the Dungeon
  3239 | D:5      | Noticed an ice beast
  3253 | D:5      | Killed an ice beast
  3254 | D:5      | Reached skill level 5 in Fighting
  3254 | D:5      | Reached skill level 5 in Armour
  3254 | D:5      | Reached skill level 5 in Shields
  3793 | D:5      | Reached XP level 7. HP: 61/61 MP: 6/6
  3796 | D:5      | Found a basalt altar of Yredelemnul.
  3981 | D:5      | Found a glowing silver altar of Zin.
  4250 | D:6      | Found a glowing golden altar of the Shining One.
  4301 | D:6      | Found a glowing drain.
  4337 | Sewer    | Entered a sewer
  4536 | Sewer    | Reached skill level 5 in Axes
  4902 | D:6      | Noticed a steam dragon
  4912 | D:6      | Killed a steam dragon
  4913 | D:6      | Reached XP level 8. HP: 8/70 MP: 7/7
  5524 | D:6      | Found a staircase to the Ecumenical Temple.
  5539 | Temple   | Entered the Ecumenical Temple
  5559 | Temple   | Became a worshipper of Warmaster Okawaru
  5593 | D:7      | Noticed Prince Ribbit
  5602 | D:7      | Killed Prince Ribbit
  5609 | D:7      | Reached skill level 5 in Dodging
  5759 | D:7      | HP: 3/73 [iguana (4)]
  5765 | D:7      | Reached * piety under Okawaru
  5824 | D:7      | Noticed Dowan
  5825 | D:7      | Noticed Duvessa
  5830 | D:7      | Killed Dowan
  5831 | D:7      | Reached XP level 9. HP: 26/79 MP: 8/8
  5835 | D:7      | HP: 3/79 [Duvessa/+0 rapier (7)]
  5836 | D:7      | Slain by Duvessa

Illustrated notes

Levels and vault maps discovered:
D:1:      dpeg_arrival_orchard, layout_basic, serial_shops, shop,
          kennysheep_nondescript, minmay_fountain_box
D:2:      layout_basic, serial_rivers, chequers_serial_rivers_micro_e,
          chequers_serial_rivers_small_b, chequers_serial_rivers_micro_c,
          chequers_serial_rivers_large_a, chequers_serial_rivers_marsh,
          chequers_serial_rivers_large_b, minmay_tromino_v7, uniq_robin
D:3:      layout_rooms, grunt_decor_cap, minmay_misc_feat_square,
          kennysheep_boxes
D:4:      layout_loops_ring, overflow_temple_1_default, grunt_qazlal_clouds,
          mainiacjoe_overflow_tiny_flanked
D:5:      layout_loops_corners, zin_statuary, lemuel_zombie_altar_yredelemnul
D:6:      layout_basic, tso_altar, temple_hall, cheibrodos_sewer_entry_sluice,
          chequers_serial_rivers_micro_e, nicolae_kite_square_tiling_tiny
D:7:      layout_basic, lemuel_coloured_pillars_altar, minmay_shop_damaged,
          uniq_prince_ribbit1, uniq_duvessa, uniq_crazy_yiuf_cottage
Temple:   nicolae_temple_bog_church

Skill      XL: |  1  2  3  4  5  6  7  8 |
---------------+-------------------------+-----
Dodging        | 1 2 3 4 5 |  5.6
Armour         | 4 5 6 7 |  7.2
Fighting       | 4 5 6 7 |  7.2
Shields        | 4 5 6 7 |  7.2
Axes           | 3 4 5 6 |  6.7

Action                     |  1- 3 |  4- 6 |  7- 9 || total
---------------------------+-------+-------+-------++-------
  Melee: War axe           |    63 |   131 |   136 ||   330
         Headbutt          |     5 |    20 |    28 ||    53
    Use: Scroll            |     4 |     9 |     5 ||    18
         Potion            |       |     1 |     3 ||     4
 Armour: Scale mail        |    47 |    74 |   141 ||   262
  Dodge: Dodged            |    26 |    65 |    70 ||   161
  Block: Buckler           |    13 |    47 |     7 ||    67
         Kite shield       |       |       |    60 ||    60

Table legend: (Time is in decaauts)
 A = Elapsed time spent in this place.
 B = Non-inter-level travel time spent in this place.
 C = Inter-level travel time spent in this place.
 D = Time resting spent in this place.
 E = Time spent auto-exploring this place.
 F = Levels seen in this place.
 G = Mean time per level.
                   A        B        C        D        E       F      G
               +--------+--------+--------+--------+--------+-----+--------+
         Total |   6003 |   5788 |    215 |    193 |   4535 |   9 |  667.0 |
       Dungeon |   5579 |   5378 |    201 |    193 |   4310 |   7 |  797.0 |
        Temple |     36 |     22 |     14 |      0 |      0 |   1 |   36.0 |
         Sewer |    387 |    387 |      0 |      0 |    225 |   1 |  387.0 |
               +--------+--------+--------+--------+--------+-----+--------+

Top non-repeatable levels by time:
     D:6: 1065 daAuts
     D:1: 1006 daAuts
     D:2: 985 daAuts
     D:5: 944 daAuts
     D:3: 705 daAuts
     D:4: 617 daAuts
   Sewer: 387 daAuts
     D:7: 254 daAuts
  Temple: 36 daAuts
